 Dungeon Crawl Stone Soup version 0.29.0-4-gdea44cf6ec (webtiles) character file.

Game seed: 15467535473089662459

35 qw the Chopper (level 3, 0/21 HPs)
             Began as a Tengu Warper on Aug 28, 2022.
             Succumbed to their own poison gas
             ... on level 1 of the Dungeon.
             The game lasted 00:00:06 (1351 turns).

qw the Chopper (Tengu Warper)                       Turns: 1351, Time: 00:00:06

Health: 0/21       AC:  3    Str: 13    XL:     3   Next: 33%
Magic:  7/7        EV: 12    Int: 13    God:
Gold:   34         SH:  0    Dex: 13    Spells: 6/6 levels left

rFire   . . .      SeeInvis .   Y - +0 hand axe
rCold   . . .      Faith    .   (no shield)
rNeg    . . .      Spirit   .   b - +0 leather armour
rPois   .          Reflect  .   (helmet restricted)
rElec   .          Harm     .   (no cloak)
rCorr   +          Rampage  .   (no gloves)
Will    .....                   (boots unavailable)
Stlth   +.........              (no amulet)
HPRegen 0.07/turn               f - ring of resist corrosion
MPRegen 0.10/turn               (no ring)

@: mighty, lethally poisoned (0 -> -3)
A: beak, talons 3
a: no special abilities


You were on level 1 of the Dungeon.
You visited 1 branch of the dungeon, and saw 1 of its levels.

You collected 34 gold pieces.


Innate Abilities, Weirdness & Mutations

You have a beak for a mouth.
You have claws for feet.


   Skills:
 - Level 2.0 Fighting
 + Level 4.0 Axes
 - Level 1.0 Throwing
 - Level 1.1 Armour
 - Level 2.1 Dodging
 - Level 2.0 Spellcasting
 - Level 2.4 Translocations


You had 6 spell levels left.
You didn't know any spells.
Your spell library contained the following spells:

 Spells                   Type           Power      Damage    Failure   Level
 Blink                    Tloc           14%        N/A       19%         2
 Gell's Gravitas          Tloc           7%         N/A       36%         3
 Lesser Beckoning         Tloc           7%         N/A       36%         3
 Teleport Other           Tloc           7%         N/A       36%         3
 Manifold Assault         Tloc           7%         N/A       98%         5

Inventory:

Hand Weapons
 e - a +0 whip
 Y - a +0 hand axe (weapon)
Armour
 b - a +0 leather armour (worn)
Jewellery
 f - a ring of resist corrosion (left hand)
Potions
 c - a potion of might

Dungeon Overview and Level Annotations

Branches:
Dungeon (1/15)

Altars:


Message History

As you read the scroll labelled HARHIUFUTS, it crumbles to dust.
It was a scroll of poison.
Done exploring.
1338 ||| DRINKING 2 golden potions.
It was a potion of might.
You feel very mighty all of a sudden.
Done exploring.
1339 ||| DRINKING 2 clear potions.
It was a potion of curing.
You feel better.
Done exploring.
Done exploring.
1340 ||| Stepping randomly (stuck).
Really walk into that cloud of poison gas?
You are engulfed in poison gas.
You are poisoned.
You feel very sick.
1341 ||| Stepping ~*~*~tactically~*~*~ (cloud).
You feel very sick.
1342 ||| DRINKING potion of curing.
You feel better.
1342 ||| (to cure poison) Done exploring.
Done exploring.
1343 ||| Stepping randomly (stuck).
Really walk into that cloud of poison gas?
You are engulfed in poison gas.
You are lethally poisoned!
You feel very sick.
1344 ||| Stepping ~*~*~tactically~*~*~ (cloud).
You feel very sick.
There is a lethal amount of poison in your body!
You feel very sick.
There is a lethal amount of poison in your body!
You feel very sick.
There is a lethal amount of poison in your body!
You feel sick.
There is a lethal amount of poison in your body!
You feel sick.
There is a lethal amount of poison in your body!
You feel sick.
There is a lethal amount of poison in your body!
You feel sick.
There is a lethal amount of poison in your body!
You die...

#.......# #.# #.#
#.#####.######### #.# ###%# ##.#
#.........# #.# #.... ...#
#.#######.# #.###.#%# .#.# #.#
#.# #....%... :#.#####.# #0#
#.......# .#.......# #.#
#.###.### >###.##### #.# #.#...#
# .###'## #@# #.#.### # .##...##
#####.# #.#.##### ##.....##
#.....# ####.()..... #.......##
#.#.#0# #.........##
.........###....0#####.........##
.........+......0.(..............
.........###....0#####..##.....##
#.......## ###.### #..##.#.#.#
##.....## ###.#######.........#


There were no monsters in sight!

Vanquished Creatures
  A dart slug (D:1)
  6 endoplasms (D:1)
  2 giant cockroaches (D:1)
  3 goblins (D:1)
  2 hobgoblins (D:1)
  A quokka (D:1)
  4 ball pythons (D:1)
  2 bats (D:1)
  5 kobolds (D:1)
  3 rats (D:1)
29 creatures vanquished.

Notes
Turn   | Place    | Note
-------+----------+-------------------------------------------
     0 | D:1      | qw the Tengu Warper began the quest for the Orb.
     0 | D:1      | Reached XP level 1. HP: 12/12 MP: 4/4
     0 | D:1      | 0 ||| qw: Version: 0.1-a-89-g26bdef1
     0 | D:1      | 0 ||| qw: Game counter: 1914
     0 | D:1      | 0 ||| qw: Always use a shield: true
     0 | D:1      | 0 ||| qw: God list: Okawaru
     0 | D:1      | 0 ||| qw: Allow faded altars: false
     0 | D:1      | 0 ||| qw: Do Orc after D:15 true
     0 | D:1      | 0 ||| qw: Do second Lair branch before Depths: true
     0 | D:1      | 0 ||| qw: Lair rune preference: random
     0 | D:1      | 0 ||| qw: Plans: Normal
     0 | D:1      | 0 ||| PLANNING D:1-11
   116 | D:1      | 116 ||| Stepping ~*~*~tactically~*~*~ (hiding).
   122 | D:1      | Reached skill level 3 in Axes
   122 | D:1      | Reached XP level 2. HP: 17/17 MP: 6/6
   598 | D:1      | 598 ||| READING scroll labelled TIDWEINAOF.
   686 | D:1      | 686 ||| READING scroll labelled DAJA YDIMYXIUNN.
   687 | D:1      | 687 ||| DROPPING scroll of blinking.
   711 | D:1      | Reached XP level 3. HP: 21/21 MP: 7/7
  1000 | D:1      | 1000 ||| DROPPING +0 club.
  1023 | D:1      | Reached skill level 4 in Axes
  1336 | D:1      | 1336 ||| UPGRADING to ring of resist corrosion.
  1337 | D:1      | 1337 ||| READING scroll labelled HARHIUFUTS.
  1338 | D:1      | 1338 ||| DRINKING 2 golden potions.
  1339 | D:1      | 1339 ||| DRINKING 2 clear potions.
  1340 | D:1      | 1340 ||| Stepping randomly (stuck).
  1341 | D:1      | 1341 ||| Stepping ~*~*~tactically~*~*~ (cloud).
  1342 | D:1      | 1342 ||| DRINKING potion of curing.
  1342 | D:1      | 1342 ||| (to cure poison)
  1343 | D:1      | 1343 ||| Stepping randomly (stuck).
  1344 | D:1      | 1344 ||| Stepping ~*~*~tactically~*~*~ (cloud).
  1347 | D:1      | HP: 4/21 [poisoned by you (poison gas)]
  1350 | D:1      | HP: 1/21 [poisoned by you (poison gas)]
  1351 | D:1      | Succumbed to their own poison gas

Levels and vault maps discovered:
D:1:      minmay_arrival_up_and_down, layout_loops_corners, glass_columns_c

Skill      XL: |  1  2  3 |
---------------+----------+-----
Axes           | 3 4 |  4.0
Fighting       | |  2.0
Throwing       | |  1.0
Armour         | |  1.1
Dodging        | |  2.1
Spellcasting   | |  2.0
Translocations | |  2.4

Action                   || total
-------------------------++-------
Melee: Hand axe          ||    59
       Kick              ||    15
       Peck              ||     9
Throw: Boomerang         ||     7
  Use: Scroll            ||     3
       Potion            ||     3
Armor: Leather armour    ||     9
Dodge: Dodged            ||    25

Table legend:
 A = Non-vault XP
 B = Vault XP
 C = Vault XP percentage of total XP
 D = Non-vault monster count
 E = Vault monster count
 F = Vault count percentage of total count
                 A         B        C        D         E       F
            +---------+---------+-------+---------+---------+-------
      Total |      50 |       0 |   0.0 |      29 |       0 |   0.0
            +---------+---------+-------+---------+---------+-------
        D:1 |      50 |       0 |   0.0 |      29 |       0 |   0.0
            +---------+---------+-------+---------+---------+-------
